 Dungeon Crawl Stone Soup version 0.30-a0-883-g5ad918d77d (webtiles) character file.

Game seed: 17694910747781752512

1844 Pimp the Carver (level 9, -12/67 HPs)
             Began as a Formicid Fighter on Mar 15, 2023.
             Was a Priest of Okawaru.
             Killed by divine providence
             ... invoked by an orc priest
              (13 damage)
             ... on level 7 of the Dungeon.
             The game lasted 00:11:14 (4895 turns).

Pimp the Carver (Formicid Fighter)                  Turns: 4895, Time: 00:11:15

Health: -12/67     AC: 16    Str: 26    XL:     9   Next: 33%
Magic:  12/12      EV:  7    Int:  7    God:    Okawaru [***...]
Gold:   380        SH:  5    Dex: 13    Spells: 10/12 levels left

rFire   . . .      SeeInvis +    q - +0 triple sword (heavy)
rCold   + . .      Faith    +    c - +0 buckler
rNeg    . . .      Spirit   .    m - +0 plate armour
rPois   .          Reflect  .    (helmet unavailable)
rElec   .          Rampage  .    (no cloak)
rCorr   .                        (no gloves)
Will    .....                    (no boots) Stlth
                                 i - amulet of faith
HPRegen 0.31/turn                j - ring of protection from cold
MPRegen 0.13/turn                h - +4 ring of protection

@: mighty
A: permanent stasis, dig shafts and tunnels, antennae 3, four strong arms
a: Dig, Shaft Self, Renounce Religion, Heroism


You were on level 7 of the Dungeon.
You worshipped Okawaru.
Okawaru was most pleased with you.
You visited 1 branch of the dungeon, and saw 7 of its levels.

You collected 380 gold pieces.

Inventory:

Hand Weapons
 a - a +0 war axe of freezing
 q - a +0 heavy triple sword (weapon)
Missiles
 e - 5 silver javelins
 p - 5 silver boomerangs
Armour
 b - a +0 scale mail
 c - a +0 buckler (worn)
 m - a +0 plate armour (worn)
Jewellery
 h - a +4 ring of protection (right hand)
 i - an amulet of faith (around neck)
 j - a ring of protection from cold (left hand)
 t - a ring of wizardry
 u - an amulet of magic regeneration
 w - a ring of poison resistance
Wands
 f - a wand of flame (36)
 k - a wand of light (21)
Scrolls
 d - 2 scrolls of teleportation
 g - 7 scrolls of identify
 s - a scroll of immolation {unknown}
 v - 2 scrolls of silence
Potions
 l - 2 potions of curing
 n - a potion of lignification
 o - 2 potions of attraction
 r - 2 potions of flight
 x - a potion of might
 z - a potion of berserk rage {unknown}


   Skills:
 - Level 4.9 Fighting
 * Level 8.5 Long Blades
 - Level 3.4 Axes
 - Level 4.9 Armour
 - Level 2.5 Dodging
 - Level 5.7 Shields
 - Level 2.4 Spellcasting


You had 10 spell levels left.
You knew the following spells:

 Your Spells              Type           Power      Damage    Failure   Level
a - Passwall              Tmut/Erth      0%         N/A       100%        2

Your spell library contained the following spells:

 Spells                   Type           Power      Damage    Failure   Level
 Cigotuvi's Dreadful Rot  Necr/Pois/Air  0%         N/A       100%        2
 Ensorcelled Hibernation  Hex/Ice        0%         N/A       100%        2
 Poisonous Vapours        Pois/Air       0%         N/A       100%        2
 Dazzling Flash           Conj/Hex       0%         N/A       100%        3
 Mephitic Cloud           Conj/Pois/Air  0%         N/A       100%        3
 Agony                    Necr           0%         N/A       100%        5
 Silence                  Hex/Air        0%         N/A       100%        5
 Swiftness                Air            Unusable   N/A       N/A         3

Dungeon Overview and Level Annotations

Branches:
Dungeon (7/15)
 Temple: D:4-7

Altars:
Hepliaklqana
Okawaru
Uskayaw
Wu Jian
Yredelemnul
Zin
The Shining One

Shops:
D:6 *

Portals:
Bailey: D:7


Innate Abilities, Weirdness & Mutations

You cannot be hasted, slowed, berserked, paralysed or teleported.
You can dig through walls and to a lower floor.
You have a pair of large antennae on your head. (SInv)
Your four strong arms can wield two-handed weapons with a shield.


Message History

The killer bee stings you but does no damage.
The orc warrior hits you from afar with a +0 vampiric halberd!
The orc priest hits you from afar with a +0 halberd!
The killer bee stings you but does no damage.
You block the orc warrior's attack. The orc priest barely misses you.
The killer bee stings you but does no damage.
You block the orc warrior's attack. The killer bee stings you.
You slash the orc warrior!
The orc warrior is moderately wounded.
The killer bee stings you.
The killer bee stings you but does no damage.
The orc warrior hits you but does no damage.
You block the killer bee's attack.
The orc warrior hits you but does no damage.
The orc priest invokes the aid of Beogh against you.
Beogh smites you!
* * * LOW HITPOINT WARNING * * *
The killer bee barely misses you.
You feel very mighty all of a sudden. The killer bee barely misses you.
The orc warrior hits you with a +0 vampiric halberd!
* * * LOW HITPOINT WARNING * * *
You block the killer bee's attack.
You feel better. The killer bee stings you!
* * * LOW HITPOINT WARNING * * *
The orc warrior hits you with a +0 vampiric halberd.
* * * LOW HITPOINT WARNING * * *
The orc warrior draws strength from your wounds!
The killer bee stings you but does no damage.
You chop the orc warrior into pieces!!!
You kill the orc warrior!
Okawaru accepts your kill.
The killer bee stings you but does no damage.
The killer bee stings you.
* * * LOW HITPOINT WARNING * * *
The orc priest calls upon Beogh to heal the orc.
The orc's wounds heal themselves!
You block the killer bee's attack.
The orc priest invokes the aid of Beogh against you.
Beogh smites you!
You die...

.8....
#.".....# ...#
#.......# ...#
#.......#
...#####.
#.......###
.........
######....#
...#####
##...# ...#
#...# ...#
#####...# .8.#
# #.@yoo!.#
...#
#...)###o..#
.###
#.!.##.......#
... ..#
#..)....# ...#
# #.)∩)...#
.....
#..).o.##
..[...
#..o..##
..#... ##...##
..# ...#


You could see a killer bee, an orc priest and 2 orcs.

Vanquished Creatures
  Pikel (D:6)
  Sigmund (D:5)
  3 water moccasins
  An orc warrior (D:7)
  A black bear (D:5)
  An ogre (D:6)
  2 phantoms
  2 scorpions (D:5)
  2 jellies
  3 hounds
  An orc priest (D:6)
  An orc wizard (D:6)
  5 gnolls
  6 adders
  A shadow imp (D:6)
  2 white imps (D:5)
  An ufetubus (D:6)
  4 worms
  5 dart slugs
  16 orcs
  8 bats
  8 endoplasms
  7 goblins
  11 hobgoblins
  7 jackals
  7 quokkas
  6 ball pythons
  6 frilled lizards
  A goblin skeleton (D:4)
  11 kobolds
  2 kobold zombies (D:4)
  3 rats (D:2)
136 creatures vanquished.

Vanquished Creatures (others)
  An orc (D:4)
  A goblin (D:4)
  A plant (D:3)
  3 withered plants (D:2)
6 creatures vanquished.

Grand Total: 142 creatures vanquished

Notes
Turn   | Place    | Note
-------+----------+-------------------------------------------
     0 | D:1      | Pimp the Formicid Fighter began the quest for the Orb.
     0 | D:1      | Reached XP level 1. HP: 18/18 MP: 1/1
    71 | D:1      | Reached XP level 2. HP: 24/24 MP: 2/2
   351 | D:1      | Reached XP level 3. HP: 28/30 MP: 3/3
  1051 | D:2      | Reached XP level 4. HP: 37/37 MP: 4/4
  1095 | D:2      | Found a faded altar of an unknown god.
  1525 | D:3      | Reached skill level 1 in Dodging
  1609 | D:3      | Found an ornate altar of the Wu Jian Council.
  1687 | D:3      | Reached XP level 5. HP: 39/42 MP: 5/5
  2389 | D:4      | Noticed a human
  2389 | D:4      | Found a runed translucent door.
  2400 | D:4      | Found a basalt altar of Yredelemnul.
  2608 | D:4      | Found an iron altar of Okawaru.
  2620 | D:4      | Became a worshipper of Warmaster Okawaru
  2672 | D:4      | Found a glowing silver altar of Zin.
  2680 | D:4      | Reached skill level 1 in Spellcasting
  2771 | D:4      | Found a glowing golden altar of the Shining One.
  3106 | D:5      | Entered Level 5 of the Dungeon
  3110 | D:5      | Learned a level 2 spell: Passwall
  3126 | D:5      | Reached XP level 6. HP: 45/48 MP: 7/7
  3133 | D:5      | Reached skill level 1 in Long Blades
  3137 | D:5      | Reached skill level 5 in Shields
  3278 | D:5      | Noticed Pikel
  3301 | D:6      | Killed Pikel
  3301 | D:6      | Reached * piety under Okawaru
  3302 | D:6      | Reached skill level 3 in Long Blades
  3302 | D:6      | Reached XP level 7. HP: 28/55 MP: 8/10
  3302 | D:6      | Reached XP level 8. HP: 31/61 MP: 8/11
  3510 | D:5      | Reached ** piety under Okawaru
  3511 | D:5      | Reached skill level 4 in Long Blades
  3608 | D:5      | Found a hazy altar of Hepliaklqana.
  3654 | D:5      | Noticed Sigmund
  3663 | D:5      | Killed Sigmund
  3664 | D:5      | Reached skill level 5 in Long Blades
  3766 | D:5      | Reached skill level 6 in Long Blades
  4029 | D:6      | Identified the +5 dagger of Immorality {heavy, rPois rC+
                  | rCorr}
  4318 | D:6      | Reached skill level 7 in Long Blades
  4318 | D:6      | Reached XP level 9. HP: 67/67 MP: 12/12
  4348 | D:6      | Reached *** piety under Okawaru
  4555 | D:6      | Reached skill level 8 in Long Blades
  4710 | D:6      | Found Mastruylo's Overcharged Wands.
  4803 | D:7      | Found a hide-covered altar of Uskayaw.
  4877 | D:7      | Found a flagged portal.
  4895 | D:7      | HP: 1/67 [killer bee (5)]
  4895 | D:7      | Killed from afar by an orc priest

Illustrated notes

Levels and vault maps discovered:
D:1:      dpeg_arrival_arbitrary_b, layout_loops_ring
D:2:      layout_basic, ebering_ecumenical_altar_petrified
D:3:      corexii_shack_village, layout_basic, amcnicky_altar_gilded,
          st_stairs_12
D:4:      layout_loops_ring, dk_yredelemnul_ordeal, mainiacjoe_overflow_catwalk,
          kennysheep_mini_moat, lemuel_doored_altar
D:5:      layout_cave_pools, nicolae_hepliaklqana_hippocampus, corner_web_ring,
          st_stairs_3, uniq_sigmund, uniq_pikel
D:6:      layout_gridville, nicolae_shop_overcharged_wands
D:7:      layout_rooms, eat_drink_and_be_merry_uskayaw,
          minmay_temple_entry_tees, enter_bailey_2, minivault_19

Skill      XL: |  1  2  3  4  5  6  7  8  9 |
---------------+----------------------------+-----
Axes           | 3 |  3.4
Dodging        | 1 2 |  2.5
Fighting       | 4 |  4.9
Armour         | 4 |  4.9
Spellcasting   | 1 2 |  2.4
Long Blades    | 3 7 8 |  8.5
Shields        | 5 |  5.7

Action                     |  1- 3 |  4- 6 |  7- 9 || total
---------------------------+-------+-------+-------++-------
  Melee: War axe           |    87 |   159 |       ||   246
         Triple sword      |       |    32 |    97 ||   129
    Use: Scroll            |     3 |     7 |     7 ||    17
         Potion            |       |     5 |     2 ||     7
 Armour: Scale mail        |    50 |       |       ||    50
         Plate armour      |     5 |   159 |   158 ||   322
  Dodge: Dodged            |    44 |    84 |    66 ||   194
  Block: Buckler           |    22 |    66 |    64 ||   152

Table legend: (Time is in decaauts)
 A = Elapsed time spent in this place.
 B = Non-inter-level travel time spent in this place.
 C = Inter-level travel time spent in this place.
 D = Time resting spent in this place.
 E = Time spent auto-exploring this place.
 F = Levels seen in this place.
 G = Mean time per level.
                   A        B        C        D        E       F      G
               +--------+--------+--------+--------+--------+-----+--------+
         Total |   5164 |   5052 |    112 |    730 |   2981 |   7 |  737.7 |
       Dungeon |   5164 |   5052 |    112 |    730 |   2981 |   7 |  737.7 |
               +--------+--------+--------+--------+--------+-----+--------+

Top non-repeatable levels by time:
     D:6: 995 daAuts
     D:3: 906 daAuts
     D:5: 858 daAuts
     D:1: 857 daAuts
     D:4: 738 daAuts
     D:2: 709 daAuts
     D:7: 98 daAuts
